 Dungeon Crawl Stone Soup version 0.22-a0-284-g99d1f74 (webtiles) character file.

2 Amnesiac the Ducker (level 1, -7/11 HPs)
             Began as a Spriggan Fighter on Mar 21, 2018.
             Mangled by a scorpion (8 damage)
             ... on level 4 of the Dungeon.
             The game lasted 00:00:38 (122 turns).

Amnesiac the Ducker (Spriggan Fighter)               Turns: 122, Time: 00:00:39

Health: -7/11      AC:  2    Str: 12    XL:     1   Next: 33%
Magic:  2/2        EV: 19    Int:  9    God:
Gold:   18         SH:  6    Dex: 15    Spells: 0/0 levels left

rFire    . . .     SeeInvis +   a - +0 long sword
rCold    . . .     Gourm    .   c - +0 buckler
rNeg     . . .     Faith    .   b - +0 robe
rPois    .         Spirit   .   (helmet restricted)
rElec    .         Reflect  .   (no cloak)
rCorr    .         Harm     .   (gloves unavailable)
MR       .....                  (boots unavailable)
Stlth    +.........             (no amulet)
HPRegen  0.03/turn              (no ring)
MPRegen  0.08/turn              (no ring)

@: very quick
A: very small, unfitting armour, see invisible, herbivore, speed 3, slow
metabolism 2
a: no special abilities


You were on level 4 of the Dungeon.
You were not hungry.

You visited 1 branch of the dungeon, and saw 4 of its levels.

You collected 18 gold pieces.

Inventory:

Hand Weapons
 a - a +0 long sword (weapon)
Armour
 b - a +0 robe (worn)
 c - a +0 buckler (worn)
Scrolls
 g - a scroll of magic mapping {!r, unknown}
Potions
 d - a potion of might {!q}
 e - a potion of invisibility {!q, unknown}
Comestibles
 f - 3 rations


   Skills:
 + Level 2.4 Fighting
 * Level 1.6 Long Blades
 + Level 4.4 Dodging
 + Level 2.2 Shields


You couldn't memorise any spells.
You didn't know any spells.

Dungeon Overview and Level Annotations

Branches:
Dungeon (4/15)
 Temple: D:4-7

Altars:


Innate Abilities, Weirdness & Mutations

You are very small and have problems with some larger weapons.
You are too small for most types of armour.
You have supernaturally acute eyesight. (SInv)
You are a herbivore.
You cover ground extremely quickly.
You need to consume almost no food.


Message History

The frilled lizard completely misses you.
You riposte.
You hit the frilled lizard.
You kill the frilled lizard!
You see here a frilled lizard corpse.
The giant cockroach waves its antennae.
Found a whip.
Found a ration.
f - 3 rations (gained 1)
You see here a whip.
The giant cockroach closely misses you.
Found a scroll labeled MAWEINW YMUDEBB.
The ball python misses you. The ball python grabs you.
The ball python constricts you.
You escape the ball python's grasp.
Found a stone staircase leading down.
You swing at nothing.
You block the ball python's attack. The ball python completely misses you.
You hit the ball python.
You kill the ball python!
You block the giant cockroach's attack.
You barely miss the giant cockroach.
The giant cockroach completely misses you.
You hit the giant cockroach.
The giant cockroach is almost dead.
The giant cockroach closely misses you.
The giant cockroach bites you but does no damage.
You hit the giant cockroach but do no damage.
The giant cockroach is almost dead.
The giant cockroach closely misses you.
You hit the giant cockroach but do no damage.
The giant cockroach is almost dead.
The giant cockroach completely misses you.
You block the giant cockroach's attack.
You closely miss the giant cockroach.
The giant cockroach is almost dead.
The giant cockroach misses you.
Your shield prevents you from hitting the giant cockroach.
The giant cockroach is almost dead.
The giant cockroach misses you.
The giant cockroach bites you but does no damage.
You barely miss the giant cockroach.
The giant cockroach is almost dead.
The giant cockroach bites you.
You slash the giant cockroach!
You kill the giant cockroach!
You hit the hobgoblin.
The hobgoblin is moderately wounded.
The hobgoblin hits you with a club.
* * * LOW HITPOINT WARNING * * *
The hobgoblin hits you with a club.
* * * LOW HITPOINT WARNING * * *
You hit the hobgoblin.
The hobgoblin is heavily wounded.
You block the hobgoblin's attack.
There is a stone staircase leading down here.
You climb downwards.
An adder and a skeleton come into view.
Found a chain mail and 3 gold pieces.
There is a stone staircase leading up here.
A scorpion comes into view.
The adder hisses angrily.
The scorpion stings you!
Ouch! That really hurt!
You die...

#..Z...#
#.#.#..##
#<.[.....
#........
#.###.#.#
#.# # #.#
.#######.##
!......@s.#
.#######..#
...# .....
###....
......
.####. .#


You could see a scorpion.

Vanquished Creatures
  A giant cockroach (D:3)
  A ball python (D:3)
  A frilled lizard (D:3)
3 creatures vanquished.

Notes
Turn   | Place    | Note
-------+----------+-------------------------------------------
     0 | D:1      | Amnesiac the Spriggan Fighter began the quest for the Orb.
     0 | D:1      | Reached XP level 1. HP: 11/11 MP: 2/2
   117 | D:4      | Noticed a scorpion
   122 | D:4      | Mangled by a scorpion

Vault maps used:
D:1:      dpeg_arrival_refuge
D:2:      lemuel_round_altar, first_ration, serial_aquarium,
          aquarium_bridge_straight, aquarium_window_1, aquarium_window_1,
          aquarium_view_2b, aquarium_pool_split, minmay_small_reverse_x
D:3:      lemuel_crystal_altar, tgw_trog, st_stairs_14
D:4:      cheibrodos_quashed

Action                   || total
-------------------------++-------
Melee: Long sword        ||    13
Armor: Robe              ||     4
Dodge: Dodged            ||    17
Block: Buckler           ||     5
       Rpst.: Long sword ||     2

Table legend:
 A = Spawn XP
 B = Non-spawn XP
 C = Spawn XP percentage of total XP
 D = Spawn monster count
 E = Non-spawn monster count
 F = Spawn count percentage of total count
 G = Total turns spent on level
                    A         B        C        D         E        F      G
               +---------+---------+-------+---------+---------+-------+---------
         Total |       0 |       4 |   0.0 |       0 |       3 |   0.0 |   122
               +---------+---------+-------+---------+---------+-------+---------
           D:3 |       0 |       4 |   0.0 |       0 |       3 |   0.0 |   110
               +---------+---------+-------+---------+---------+-------+---------
